[ AOE2 MATCH · #477947761 ]
UnrankedGoths vs Burgundians
[ REPLAY ANALYSIS · EXTRACTED FROM THE RECORDED GAME ]
Feudal
12:12
Castle
15:44
Imperial
30:34
| APM avg | 32.0 |
| APM peak | 76 |
| eAPM avg | 21.9 |
| Villagers / military | 171 / 221 |
Focus
⚔️ 40.5% · 🌾 59.5%
Spearman ×150 · Unknown (882) ×120 · Huskarl ×67 · Trebuchet (Packed) ×4
Feudal
11:09
Castle
15:05
Imperial
31:06
| APM avg | 51.3 |
| APM peak | 97 |
| eAPM avg | 29.4 |
| Villagers / military | 147 / 133 |
Focus
⚔️ 36.6% · 🌾 63.4%
Skirmisher ×53 · Hand Cannoneer ×43 · Coustillier ×12 · Monk ×7 · Mangonel ×6 · Scout Cavalry ×6
Feudal
11:31
Castle
15:01
Imperial
—
| APM avg | 35.2 |
| APM peak | 80 |
| eAPM avg | 16.4 |
| Villagers / military | 118 / 67 |
Focus
⚔️ 17.7% · 🌾 82.3%
Conquistador ×58 · Battering Ram ×5 · Petard ×4
Feudal
11:10
Castle
14:50
Imperial
28:34
| APM avg | 50.3 |
| APM peak | 122 |
| eAPM avg | 26.0 |
| Villagers / military | 111 / 103 |
Focus
⚔️ 38.4% · 🌾 61.6%
Skirmisher ×67 · Genoese Crossbowman ×25 · Bombard Cannon ×6 · Scorpion ×2 · Scout Cavalry ×1 · Hand Cannoneer ×1
Feudal
10:01
Castle
18:14
Imperial
24:56
| APM avg | 30.6 |
| APM peak | 78 |
| eAPM avg | 13.2 |
| Villagers / military | 99 / 149 |
Focus
⚔️ 31.0% · 🌾 69.0%
Genoese Crossbowman ×137 · Trebuchet (Packed) ×10 · Petard ×2
Feudal
11:03
Castle
14:35
Imperial
29:15
| APM avg | 57.3 |
| APM peak | 96 |
| eAPM avg | 28.6 |
| Villagers / military | 137 / 128 |
Focus
⚔️ 28.6% · 🌾 71.4%
Knight ×84 · Scout Cavalry ×44
Match map
Initial resources + every placement click. Lines = walls · curves = elevation contours. ◆ gold · ⬟ stone · ● berries · ✦ relic · ◌ wall gap
Your base· ✓ Closed at 15:44 · 0t walls · 3 gate(s)
蜜柑奇卡's base· ✓ Closed at 15:05 · 2t walls · 2 gate(s)
yalaric's base· ✓ Closed at 15:01 · 0t walls · 3 gate(s)
captainSLOW's base· ✓ Closed at 14:50 · 0t walls · 3 gate(s)
ya3's base· ✓ Closed at 18:14 · 0t walls · 2 gate(s)
ThompsonAK's base· ✓ Closed at 14:35 · 0t walls · 3 gate(s)
Smoothed initial terrain · ◌ = detected wall gap · hover for details
Inputs per minute
— JiKa - - 蜜柑奇卡
Build order — JiKa
First 150 of 639 actions detected
| 0:00 | Create | Villager (Male) |
| 0:01 | Create | Villager (Male) |
| 0:01 | Create | Villager (Male) |
| 0:01 | Create | Villager (Male) |
| 0:02 | Build | House |
| 0:04 | Build | House |
| 1:25 | Create | Villager (Male) |
| 1:25 | Create | Villager (Male) |
| 1:25 | Create | Villager (Male) |
| 2:04 | Create | Villager (Male) |
| 2:04 | Create | Villager (Male) |
| 2:04 | Create | Villager (Male) |
| 2:25 | Create | Villager (Male) |
| 2:26 | Create | Villager (Male) |
| 2:34 | Build | Lumber Camp |
| 2:48 | Create | Villager (Male) |
| 3:09 | Create | Villager (Male) |
| 3:22 | Create | Villager (Male) |
| 3:31 | Build | House |
| 4:01 | Create | Villager (Male) |
| 4:22 | Create | Villager (Male) |
| 4:23 | Create | Villager (Male) |
| 4:46 | Create | Villager (Male) |
| 5:31 | Create | Villager (Male) |
| 6:01 | Build | Mill |
| 6:04 | Create | Villager (Male) |
| 6:09 | Build | House |
| 6:09 | Build | House |
| 6:24 | Create | Villager (Male) |
| 6:58 | Create | Villager (Male) |
| 7:21 | Create | Villager (Male) |
| 7:32 | Create | Villager (Male) |
| 7:56 | Create | Villager (Male) |
| 8:10 | Create | Villager (Male) |
| 8:55 | Create | Villager (Male) |
| 8:56 | Create | Villager (Male) |
| 9:46 | Build | Mining Camp |
| 9:50 | Research | Loom |
| 9:51 | Research | Feudal Age |
| 12:04 | Build | Lumber Camp |
| 12:07 | Create | Villager (Male) |
| 12:07 | Create | Villager (Male) |
| 12:12 | Age | Feudal Age |
| 12:14 | Build | Market |
| 12:18 | Build | Blacksmith |
| 12:22 | Build | House |
| 12:49 | Research | Double-Bit Axe |
| 12:49 | Research | Double-Bit Axe |
| 12:50 | Research | Horse Collar |
| 12:50 | Research | Horse Collar |
| 13:04 | Research | Castle Age |
| 13:08 | Build | Farm |
| 13:10 | Build | Farm |
| 13:12 | Build | Farm |
| 13:14 | Build | Farm |
| 13:21 | Build | Farm |
| 13:23 | Build | Farm |
| 13:33 | Build | Farm |
| 14:14 | Build | Farm |
| 15:20 | Create | Villager (Male) |
| 15:21 | Create | Villager (Male) |
| 15:44 | Age | Castle Age |
| 15:46 | Create | Villager (Male) |
| 16:00 | Build | Town Center |
| 16:08 | Build | Town Center |
| 16:18 | Build | Town Center |
| 16:31 | Build | House |
| 16:32 | Build | House |
| 16:32 | Build | House |
| 16:39 | Build | Farm |
| 16:42 | Create | Villager (Male) |
| 17:00 | Create | Villager (Male) |
| 17:05 | Build | Farm |
| 17:07 | Create | Villager (Male) |
| 17:18 | Create | Villager (Male) |
| 17:23 | Build | Farm |
| 17:24 | Create | Villager (Male) |
| 17:24 | Create | Villager (Male) |
| 17:31 | Create | Villager (Male) |
| 17:32 | Create | Villager (Male) |
| 17:34 | Build | Farm |
| 17:38 | Build | Farm |
| 17:40 | Build | Farm |
| 17:43 | Create | Villager (Male) |
| 17:49 | Build | Farm |
| 17:49 | Create | Villager (Male) |
| 17:54 | Create | Villager (Male) |
| 17:54 | Create | Villager (Male) |
| 18:05 | Create | Villager (Male) |
| 18:06 | Create | Villager (Male) |
| 18:19 | Build | Farm |
| 18:21 | Build | Farm |
| 18:23 | Create | Villager (Male) |
| 18:24 | Build | Farm |
| 18:25 | Build | Farm |
| 18:32 | Build | House |
| 18:32 | Build | House |
| 18:34 | Build | House |
| 18:47 | Create | Villager (Male) |
| 18:47 | Create | Villager (Male) |
| 18:58 | Create | Villager (Male) |
| 18:58 | Create | Villager (Male) |
| 18:59 | Create | Villager (Male) |
| 19:02 | Build | Farm |
| 19:02 | Build | Farm |
| 19:03 | Build | Farm |
| 19:05 | Create | Villager (Male) |
| 19:05 | Create | Villager (Male) |
| 19:08 | Create | Villager (Male) |
| 19:08 | Create | Villager (Male) |
| 19:09 | Create | Villager (Male) |
| 19:09 | Create | Villager (Male) |
| 19:09 | Create | Villager (Male) |
| 19:20 | Build | Mining Camp |
| 19:26 | Build | Farm |
| 19:28 | Create | Villager (Male) |
| 19:28 | Create | Villager (Male) |
| 19:31 | Build | Farm |
| 19:33 | Create | Villager (Male) |
| 19:33 | Create | Villager (Male) |
| 19:33 | Create | Villager (Male) |
| 19:35 | Build | House |
| 19:36 | Build | House |
| 19:51 | Create | Villager (Male) |
| 19:51 | Create | Villager (Male) |
| 20:06 | Create | Villager (Male) |
| 20:07 | Create | Villager (Male) |
| 20:10 | Build | House |
| 20:11 | Build | House |
| 20:12 | Build | House |
| 20:21 | Create | Villager (Male) |
| 20:22 | Create | Villager (Male) |
| 20:22 | Create | Villager (Male) |
| 20:39 | Research | Wheelbarrow |
| 20:45 | Build | Farm |
| 20:46 | Build | Farm |
| 20:49 | Build | Farm |
| 20:49 | Create | Villager (Male) |
| 20:51 | Build | Farm |
| 20:53 | Build | Farm |
| 20:54 | Create | Villager (Male) |
| 20:54 | Create | Villager (Male) |
| 20:54 | Create | Villager (Male) |
| 21:00 | Build | Farm |
| 21:01 | Build | Farm |
| 21:02 | Build | Farm |
| 21:08 | Create | Villager (Male) |
| 21:15 | Create | Villager (Male) |
| 21:34 | Create | Villager (Male) |
| 21:34 | Create | Villager (Male) |
Build order — 蜜柑奇卡
First 150 of 441 actions detected
| 0:00 | Create | Villager (Male) |
| 0:00 | Create | Villager (Male) |
| 0:00 | Create | Villager (Male) |
| 0:02 | Build | House |
| 0:03 | Build | House |
| 0:05 | Create | Villager (Male) |
| 1:31 | Create | Villager (Male) |
| 1:31 | Create | Villager (Male) |
| 2:01 | Create | Villager (Male) |
| 2:11 | Build | Lumber Camp |
| 2:23 | Create | Villager (Male) |
| 2:42 | Create | Villager (Male) |
| 3:03 | Research | Double-Bit Axe |
| 3:03 | Research | Double-Bit Axe |
| 3:09 | Create | Villager (Male) |
| 3:40 | Create | Villager (Male) |
| 3:56 | Create | Villager (Male) |
| 4:02 | Create | Villager (Male) |
| 4:04 | Build | House |
| 4:55 | Build | Mill |
| 4:58 | Create | Villager (Male) |
| 5:13 | Create | Villager (Male) |
| 5:27 | Create | Villager (Male) |
| 5:31 | Create | Villager (Male) |
| 5:53 | Build | House |
| 5:56 | Build | House |
| 6:28 | Create | Villager (Male) |
| 6:51 | Create | Villager (Male) |
| 6:56 | Build | Mining Camp |
| 7:26 | Create | Villager (Male) |
| 7:59 | Create | Villager (Male) |
| 8:15 | Build | Farm |
| 8:16 | Build | Farm |
| 8:34 | Create | Villager (Male) |
| 8:52 | Research | Feudal Age |
| 9:02 | Build | Barracks |
| 9:55 | Build | Farm |
| 11:07 | Build | House |
| 11:09 | Age | Feudal Age |
| 11:09 | Create | Villager (Male) |
| 11:18 | Build | Stable |
| 11:22 | Build | Blacksmith |
| 11:35 | Create | Villager (Male) |
| 11:43 | Build | Farm |
| 11:45 | Build | Farm |
| 11:58 | Create | Villager (Male) |
| 12:14 | Build | House |
| 12:17 | Research | Castle Age |
| 12:17 | Research | Castle Age |
| 12:22 | Build | Farm |
| 12:27 | Build | Lumber Camp |
| 12:40 | Create | Scout Cavalry |
| 12:41 | Create | Scout Cavalry |
| 12:47 | Create | Scout Cavalry |
| 12:47 | Create | Scout Cavalry |
| 12:50 | Build | Palisade Wall |
| 12:52 | Build | House |
| 13:05 | Research | Bow Saw |
| 13:05 | Research | Bow Saw |
| 13:10 | Build | Farm |
| 13:17 | Create | Villager (Male) |
| 13:20 | Create | Scout Cavalry |
| 13:29 | Build | House |
| 13:30 | Build | Palisade Wall |
| 13:34 | Create | Villager (Male) |
| 13:37 | Build | Farm |
| 13:52 | Create | Scout Cavalry |
| 14:18 | Research | Horse Collar |
| 14:25 | Build | Farm |
| 15:05 | Age | Castle Age |
| 15:07 | Build | Monastery |
| 15:10 | Create | Villager (Male) |
| 15:12 | Build | Town Center |
| 15:14 | Research | Light Cavalry (upgrade) |
| 15:14 | Research | Light Cavalry (upgrade) |
| 15:21 | Create | Villager (Male) |
| 15:24 | Build | House |
| 15:29 | Create | Villager (Male) |
| 15:34 | Create | Villager (Male) |
| 15:42 | Create | Villager (Male) |
| 15:45 | Build | Farm |
| 15:55 | Create | Villager (Male) |
| 15:57 | Build | Farm |
| 15:58 | Create | Monk |
| 16:08 | Create | Villager (Male) |
| 16:16 | Create | Villager (Male) |
| 16:21 | Build | House |
| 16:21 | Build | House |
| 16:22 | Create | Villager (Male) |
| 16:26 | Research | Two-Man Saw |
| 16:31 | Build | Town Center |
| 16:36 | Create | Villager (Male) |
| 16:37 | Create | Villager (Male) |
| 16:59 | Research | Loom |
| 17:08 | Build | Farm |
| 17:10 | Build | Farm |
| 17:25 | Research | Horse Collar |
| 17:31 | Create | Villager (Male) |
| 17:32 | Create | Villager (Male) |
| 17:34 | Build | Farm |
| 17:36 | Build | Farm |
| 17:40 | Build | House |
| 17:41 | Build | House |
| 17:42 | Create | Villager (Male) |
| 18:09 | Build | Farm |
| 18:11 | Create | Villager (Male) |
| 18:11 | Research | Heavy Plow |
| 18:31 | Create | Villager (Male) |
| 18:34 | Create | Monk |
| 18:39 | Create | Villager (Male) |
| 18:42 | Create | Villager (Male) |
| 18:45 | Build | Siege Workshop |
| 18:54 | Create | Villager (Male) |
| 19:13 | Create | Villager (Male) |
| 19:18 | Create | Villager (Male) |
| 19:18 | Create | Villager (Male) |
| 19:37 | Build | Mining Camp |
| 19:39 | Create | Mangonel |
| 19:43 | Create | Villager (Male) |
| 19:44 | Create | Villager (Male) |
| 19:56 | Create | Villager (Male) |
| 20:06 | Build | Lumber Camp |
| 20:09 | Build | Farm |
| 20:11 | Build | Farm |
| 20:12 | Create | Villager (Male) |
| 20:32 | Build | Farm |
| 20:32 | Create | Villager (Male) |
| 20:32 | Create | Villager (Male) |
| 20:33 | Create | Villager (Male) |
| 20:40 | Create | Mangonel |
| 20:44 | Create | Villager (Male) |
| 20:59 | Create | Mangonel |
| 21:12 | Create | Villager (Male) |
| 21:37 | Create | Mangonel |
| 21:50 | Create | Villager (Male) |
| 21:50 | Create | Villager (Male) |
| 21:50 | Create | Villager (Male) |
| 21:51 | Create | Villager (Male) |
| 21:51 | Create | Villager (Male) |
| 22:05 | Build | Outpost |
| 22:07 | Research | Town Watch |
| 22:11 | Create | Villager (Male) |
| 22:19 | Build | Farm |
| 22:20 | Build | Farm |
| 22:33 | Create | Villager (Male) |
| 22:35 | Build | Farm |
| 22:38 | Create | Villager (Male) |
| 22:43 | Build | Farm |
| 22:43 | Build | Farm |
| 22:43 | Build | Farm |
Build order — yalaric
First 150 of 294 actions detected
| 0:02 | Create | Villager (Male) ×4 |
| 0:03 | Build | House |
| 0:05 | Build | House |
| 1:28 | Create | Villager (Male) |
| 1:46 | Build | Lumber Camp |
| 2:01 | Create | Villager (Male) |
| 2:01 | Create | Villager (Male) |
| 2:41 | Create | Villager (Male) |
| 2:41 | Create | Villager (Male) |
| 2:41 | Create | Villager (Male) |
| 3:06 | Create | Villager (Male) |
| 3:07 | Create | Villager (Male) |
| 3:21 | Create | Villager (Male) |
| 3:37 | Build | House |
| 3:38 | Build | House |
| 3:39 | Build | House |
| 4:17 | Create | Villager (Male) |
| 4:17 | Create | Villager (Male) |
| 4:17 | Create | Villager (Male) |
| 4:38 | Create | Villager (Male) |
| 4:50 | Build | Mill |
| 5:31 | Create | Villager (Male) |
| 5:31 | Create | Villager (Male) |
| 5:58 | Create | Villager (Male) |
| 6:25 | Create | Villager (Male) |
| 7:06 | Create | Villager (Male) |
| 7:40 | Create | Villager (Male) |
| 7:54 | Create | Villager (Male) |
| 7:55 | Create | Villager (Male) |
| 7:57 | Research | Loom |
| 8:31 | Build | Farm |
| 8:34 | Build | Farm |
| 8:36 | Build | Farm |
| 8:38 | Build | Farm |
| 8:41 | Build | Farm |
| 8:48 | Build | Mining Camp |
| 8:50 | Research | Feudal Age |
| 9:20 | Create | Villager (Male) |
| 10:51 | Create | Villager (Male) |
| 11:31 | Age | Feudal Age |
| 11:32 | Build | Market |
| 11:35 | Build | Blacksmith |
| 12:00 | Build | Mining Camp |
| 12:15 | Research | Castle Age |
| 13:02 | Create | Villager (Male) |
| 13:02 | Create | Villager (Male) |
| 13:23 | Create | Villager (Male) |
| 15:01 | Age | Castle Age |
| 15:10 | Build | Castle |
| 15:24 | Build | Castle |
| 16:10 | Create | Conquistador |
| 16:10 | Create | Conquistador |
| 16:10 | Create | Conquistador |
| 16:11 | Create | Conquistador |
| 16:24 | Build | Farm |
| 16:24 | Build | Farm |
| 16:24 | Build | Farm |
| 16:44 | Create | Villager (Male) |
| 16:44 | Create | Villager (Male) |
| 17:00 | Create | Conquistador |
| 17:12 | Create | Villager (Male) |
| 17:17 | Create | Conquistador |
| 17:35 | Create | Villager (Male) |
| 17:43 | Build | Farm |
| 17:44 | Build | Farm |
| 17:46 | Build | Farm |
| 18:00 | Create | Villager (Male) |
| 18:28 | Create | Villager (Male) |
| 18:28 | Create | Villager (Male) |
| 18:40 | Build | Farm |
| 18:44 | Build | Farm |
| 18:46 | Build | Farm |
| 18:49 | Build | Farm |
| 18:52 | Build | Farm |
| 18:55 | Build | Farm |
| 19:09 | Build | Siege Workshop |
| 19:22 | Create | Villager (Male) |
| 19:22 | Create | Villager (Male) |
| 19:22 | Create | Villager (Male) |
| 19:30 | Create | Conquistador ×3 |
| 19:30 | Create | Conquistador ×3 |
| 19:36 | Create | Villager (Male) |
| 19:48 | Build | House |
| 20:09 | Create | Battering Ram |
| 20:10 | Create | Battering Ram |
| 20:16 | Create | Conquistador |
| 20:17 | Create | Villager (Male) |
| 20:42 | Build | Outpost |
| 20:43 | Build | House |
| 21:40 | Build | House |
| 21:41 | Create | Villager (Male) |
| 21:42 | Create | Villager (Male) |
| 21:42 | Create | Villager (Male) |
| 22:06 | Build | House |
| 22:08 | Create | Villager (Male) |
| 22:08 | Create | Villager (Male) |
| 22:44 | Create | Villager (Male) |
| 22:44 | Create | Villager (Male) |
| 22:44 | Create | Villager (Male) |
| 22:44 | Create | Villager (Male) |
| 22:45 | Build | Farm |
| 22:49 | Create | Conquistador ×4 |
| 22:54 | Create | Petard |
| 22:54 | Create | Petard |
| 22:55 | Create | Petard |
| 22:55 | Create | Petard |
| 23:43 | Create | Conquistador ×5 |
| 23:46 | Create | Villager (Male) |
| 24:09 | Create | Battering Ram |
| 24:09 | Create | Battering Ram |
| 24:30 | Create | Conquistador |
| 24:30 | Create | Conquistador |
| 25:20 | Create | Conquistador |
| 25:23 | Research | Padded Archer Armor |
| 25:43 | Create | Villager (Male) |
| 25:43 | Create | Villager (Male) |
| 27:02 | Create | Conquistador |
| 27:03 | Create | Conquistador |
| 27:03 | Create | Villager (Male) |
| 27:03 | Create | Villager (Male) |
| 27:04 | Create | Villager (Male) |
| 27:04 | Create | Villager (Male) |
| 27:38 | Create | Conquistador |
| 27:39 | Create | Conquistador |
| 27:48 | Create | Battering Ram |
| 28:23 | Create | Conquistador |
| 28:32 | Create | Villager (Male) |
| 28:33 | Create | Villager (Male) |
| 28:43 | Build | Town Center |
| 28:47 | Build | Town Center |
| 28:51 | Create | Conquistador ×4 |
| 28:54 | Build | Mining Camp |
| 30:03 | Create | Conquistador |
| 30:04 | Create | Villager (Male) |
| 30:04 | Create | Villager (Male) |
| 30:04 | Create | Villager (Male) |
| 30:05 | Create | Villager (Male) |
| 30:05 | Create | Villager (Male) |
| 30:05 | Create | Villager (Male) |
| 30:05 | Create | Villager (Male) |
| 30:06 | Create | Villager (Male) |
| 30:06 | Create | Villager (Male) |
| 30:06 | Create | Villager (Male) |
| 30:30 | Create | Conquistador |
| 30:31 | Create | Villager (Male) |
| 30:31 | Create | Villager (Male) |
| 30:31 | Create | Villager (Male) |
| 30:36 | Build | Farm |
| 30:38 | Build | Farm |
| 30:39 | Build | Farm |
Build order — captainSLOW
First 150 of 329 actions detected
| 0:01 | Create | Villager (Male) |
| 0:01 | Create | Villager (Male) |
| 0:02 | Build | House |
| 0:04 | Build | House |
| 0:24 | Create | Villager (Male) |
| 0:24 | Create | Villager (Male) |
| 1:16 | Create | Villager (Male) |
| 1:16 | Create | Villager (Male) |
| 1:45 | Build | Lumber Camp |
| 2:03 | Create | Villager (Male) |
| 2:03 | Create | Villager (Male) |
| 2:16 | Create | Villager (Male) |
| 2:55 | Create | Villager (Male) |
| 2:55 | Create | Villager (Male) |
| 3:24 | Create | Villager (Male) |
| 3:25 | Create | Villager (Male) |
| 4:01 | Create | Villager (Male) |
| 4:19 | Create | Villager (Male) |
| 4:28 | Build | House |
| 4:52 | Create | Villager (Male) |
| 4:52 | Create | Villager (Male) |
| 5:17 | Create | Villager (Male) |
| 5:18 | Create | Villager (Male) |
| 5:18 | Create | Villager (Male) |
| 5:45 | Create | Villager (Male) |
| 6:14 | Build | House |
| 6:27 | Research | Loom |
| 6:41 | Build | Mill |
| 7:04 | Create | Villager (Male) |
| 7:27 | Build | Mining Camp |
| 8:31 | Create | Villager (Male) |
| 9:00 | Research | Feudal Age |
| 11:08 | Create | Villager (Male) |
| 11:08 | Create | Villager (Male) |
| 11:10 | Age | Feudal Age |
| 11:15 | Build | Blacksmith |
| 11:19 | Build | Market |
| 11:28 | Create | Villager (Male) |
| 11:38 | Build | Farm |
| 11:39 | Build | Farm |
| 12:00 | Build | Farm |
| 12:05 | Build | Farm |
| 12:10 | Research | Castle Age |
| 12:14 | Build | House |
| 12:38 | Build | Barracks |
| 12:59 | Build | House |
| 13:02 | Build | House |
| 13:37 | Build | Mining Camp |
| 13:44 | Build | House |
| 14:20 | Build | House |
| 14:50 | Age | Castle Age |
| 14:56 | Build | Town Center |
| 15:02 | Create | Villager (Male) |
| 15:02 | Create | Villager (Male) |
| 15:27 | Research | Double-Bit Axe |
| 15:29 | Create | Villager (Male) |
| 16:26 | Create | Villager (Male) |
| 16:28 | Create | Villager (Male) |
| 16:34 | Build | House |
| 16:37 | Build | Farm |
| 16:39 | Create | Villager (Male) |
| 16:53 | Create | Villager (Male) |
| 16:57 | Build | Farm |
| 16:58 | Create | Villager (Male) |
| 17:20 | Create | Villager (Male) |
| 17:38 | Build | Town Center |
| 17:47 | Create | Villager (Male) |
| 17:51 | Create | Villager (Male) |
| 17:51 | Create | Villager (Male) |
| 18:14 | Create | Villager (Male) |
| 18:17 | Build | House |
| 18:20 | Create | Villager (Male) |
| 18:31 | Build | Farm |
| 18:31 | Build | Farm |
| 18:31 | Build | Farm |
| 18:32 | Build | Farm |
| 18:41 | Create | Villager (Male) |
| 18:43 | Build | Farm |
| 18:51 | Build | House |
| 18:54 | Build | Farm |
| 19:04 | Create | Villager (Male) |
| 19:12 | Build | Farm |
| 19:20 | Create | Villager (Male) |
| 19:22 | Create | Villager (Male) |
| 19:28 | Build | Farm |
| 19:28 | Create | Villager (Male) |
| 19:32 | Build | Farm |
| 19:36 | Build | Farm |
| 19:37 | Create | Villager (Male) |
| 19:46 | Build | House |
| 19:49 | Build | Farm |
| 19:59 | Build | Farm |
| 20:05 | Create | Villager (Male) |
| 20:05 | Create | Villager (Male) |
| 20:14 | Research | Horse Collar |
| 20:22 | Create | Villager (Male) |
| 20:38 | Build | House |
| 20:40 | Create | Villager (Male) |
| 20:52 | Create | Villager (Male) |
| 20:52 | Create | Villager (Male) |
| 21:14 | Build | Castle |
| 21:17 | Create | Villager (Male) |
| 21:20 | Create | Villager (Male) |
| 21:22 | Build | Farm |
| 21:22 | Create | Villager (Male) |
| 21:24 | Create | Villager (Male) |
| 21:34 | Build | Farm |
| 21:35 | Create | Villager (Male) |
| 21:39 | Create | Villager (Male) |
| 21:44 | Create | Villager (Male) |
| 21:51 | Build | Farm |
| 21:59 | Create | Villager (Male) |
| 22:08 | Build | Stable |
| 22:11 | Create | Villager (Male) |
| 22:13 | Build | Farm |
| 22:14 | Create | Villager (Male) |
| 22:23 | Create | Villager (Male) |
| 22:27 | Create | Villager (Male) |
| 22:39 | Create | Villager (Male) |
| 22:43 | Build | Lumber Camp |
| 22:46 | Build | Farm |
| 22:47 | Create | Villager (Male) |
| 22:48 | Create | Villager (Male) |
| 22:50 | Create | Villager (Male) |
| 22:57 | Build | Farm |
| 22:57 | Build | Farm |
| 23:08 | Build | House |
| 23:10 | Research | Gold Mining |
| 23:17 | Create | Scout Cavalry |
| 23:35 | Create | Genoese Crossbowman |
| 23:36 | Create | Genoese Crossbowman |
| 23:37 | Create | Genoese Crossbowman |
| 23:39 | Create | Genoese Crossbowman |
| 23:50 | Build | Lumber Camp |
| 24:03 | Create | Villager (Male) |
| 24:03 | Create | Villager (Male) |
| 24:07 | Research | Wheelbarrow |
| 24:15 | Create | Villager (Male) |
| 24:16 | Research | Town Watch |
| 24:25 | Create | Villager (Male) |
| 24:42 | Create | Villager (Male) |
| 25:24 | Research | Imperial Age |
| 25:30 | Create | Genoese Crossbowman |
| 25:30 | Create | Genoese Crossbowman |
| 25:32 | Create | Villager (Male) |
| 25:33 | Create | Villager (Male) |
| 25:51 | Create | Villager (Male) |
| 25:51 | Create | Villager (Male) |
| 26:02 | Build | House |
| 26:16 | Create | Genoese Crossbowman |
Build order — ya3
First 150 of 202 actions detected
| 0:02 | Create | Villager (Male) ×4 |
| 0:02 | Create | Villager (Male) ×4 |
| 0:03 | Build | House |
| 0:05 | Build | House |
| 1:10 | Create | Villager (Male) |
| 1:11 | Create | Villager (Male) |
| 1:51 | Create | Villager (Male) |
| 1:51 | Create | Villager (Male) |
| 2:07 | Create | Villager (Male) |
| 2:07 | Create | Villager (Male) |
| 2:52 | Create | Villager (Male) |
| 2:53 | Create | Villager (Male) |
| 2:54 | Create | Villager (Male) |
| 2:54 | Create | Villager (Male) |
| 3:47 | Create | Villager (Male) |
| 3:47 | Create | Villager (Male) |
| 3:47 | Create | Villager (Male) |
| 3:49 | Build | House |
| 4:04 | Create | Villager (Male) |
| 4:33 | Build | Lumber Camp |
| 4:50 | Create | Villager (Male) |
| 5:15 | Build | House |
| 5:32 | Create | Villager (Male) |
| 5:33 | Create | Villager (Male) |
| 5:33 | Create | Villager (Male) |
| 5:51 | Create | Villager (Male) |
| 7:04 | Build | Mill |
| 7:26 | Create | Villager (Male) |
| 7:33 | Research | Feudal Age |
| 7:33 | Research | Feudal Age |
| 8:29 | Build | Mining Camp |
| 8:41 | Create | Villager (Male) |
| 10:01 | Age | Feudal Age |
| 10:18 | Research | Horse Collar |
| 10:20 | Research | Double-Bit Axe |
| 10:34 | Create | Villager (Male) |
| 10:34 | Create | Villager (Male) |
| 10:34 | Create | Villager (Male) |
| 10:37 | Build | House |
| 10:41 | Build | House |
| 11:11 | Create | Villager (Male) |
| 11:11 | Create | Villager (Male) |
| 11:37 | Build | Farm |
| 11:38 | Build | Farm |
| 11:49 | Create | Villager (Male) |
| 12:41 | Create | Villager (Male) |
| 12:51 | Build | Market |
| 13:16 | Build | Blacksmith |
| 13:28 | Create | Villager (Male) |
| 13:28 | Create | Villager (Male) |
| 13:30 | Build | Farm |
| 13:40 | Build | Farm |
| 13:59 | Build | Farm |
| 14:00 | Build | Farm |
| 14:12 | Build | Mining Camp |
| 14:14 | Create | Villager (Male) |
| 14:18 | Build | Farm |
| 14:34 | Research | Castle Age |
| 14:38 | Create | Villager (Male) |
| 14:38 | Create | Villager (Male) |
| 14:45 | Build | Farm |
| 14:47 | Build | Farm |
| 14:54 | Build | Farm |
| 15:26 | Research | Castle Age |
| 16:28 | Build | Mill |
| 16:29 | Build | Farm |
| 16:29 | Build | Farm |
| 16:29 | Build | Farm |
| 16:30 | Build | Farm |
| 16:36 | Build | Farm |
| 17:10 | Build | Farm |
| 17:48 | Build | Mill |
| 17:49 | Build | Farm |
| 17:50 | Build | Farm |
| 17:50 | Build | Farm |
| 17:54 | Create | Villager (Male) |
| 17:54 | Create | Villager (Male) |
| 18:00 | Build | House |
| 18:02 | Build | House |
| 18:03 | Build | House |
| 18:14 | Age | Castle Age |
| 18:23 | Research | Heavy Plow |
| 18:26 | Research | Bow Saw |
| 19:25 | Create | Villager (Male) |
| 19:25 | Create | Villager (Male) |
| 19:49 | Build | Castle |
| 19:54 | Build | Farm |
| 19:57 | Build | Farm |
| 20:02 | Build | Farm |
| 20:37 | Create | Villager (Male) |
| 21:21 | Create | Villager (Male) |
| 21:31 | Research | Imperial Age |
| 21:49 | Research | Fletching |
| 21:50 | Research | Padded Archer Armor |
| 22:02 | Create | Genoese Crossbowman |
| 22:03 | Create | Genoese Crossbowman |
| 22:03 | Create | Genoese Crossbowman |
| 22:04 | Create | Genoese Crossbowman |
| 22:37 | Create | Villager (Male) |
| 22:38 | Create | Villager (Male) |
| 22:55 | Create | Genoese Crossbowman |
| 23:06 | Create | Villager (Male) |
| 23:06 | Create | Villager (Male) |
| 23:12 | Research | Gold Mining |
| 23:14 | Research | Stone Mining |
| 23:20 | Research | Bodkin Arrow |
| 23:37 | Build | Town Center |
| 24:28 | Create | Genoese Crossbowman |
| 24:28 | Create | Genoese Crossbowman |
| 24:28 | Create | Genoese Crossbowman |
| 24:29 | Create | Genoese Crossbowman |
| 24:50 | Create | Villager (Male) ×5 |
| 24:56 | Age | Imperial Age |
| 25:13 | Research | Bracer |
| 25:35 | Create | Villager (Male) |
| 25:41 | Create | Genoese Crossbowman |
| 25:41 | Create | Genoese Crossbowman |
| 25:41 | Create | Genoese Crossbowman |
| 25:46 | Create | Petard |
| 25:46 | Create | Petard |
| 25:50 | Create | Villager (Male) |
| 25:50 | Create | Villager (Male) |
| 25:50 | Create | Villager (Male) |
| 25:53 | Create | Villager (Male) |
| 25:56 | Research | Leather Archer Armor |
| 26:16 | Build | University |
| 26:50 | Create | Genoese Crossbowman |
| 26:50 | Create | Genoese Crossbowman |
| 26:50 | Create | Genoese Crossbowman |
| 26:50 | Create | Genoese Crossbowman |
| 26:50 | Create | Genoese Crossbowman |
| 26:51 | Create | Genoese Crossbowman |
| 26:59 | Create | Villager (Male) ×5 |
| 27:42 | Create | Trebuchet (Packed) |
| 27:42 | Create | Trebuchet (Packed) |
| 28:09 | Build | Castle |
| 28:36 | Create | Villager (Male) ×5 |
| 28:41 | Research | Ballistics |
| 28:47 | Build | House |
| 28:53 | Build | House |
| 28:53 | Build | House |
| 28:54 | Build | House |
| 28:54 | Build | House |
| 28:54 | Build | House |
| 28:54 | Build | House |
| 29:01 | Build | Farm |
| 29:07 | Create | Villager (Male) ×5 |
| 29:26 | Create | Trebuchet (Packed) |
| 29:26 | Create | Trebuchet (Packed) |
| 29:55 | Build | Farm |
Build order — ThompsonAK
First 150 of 454 actions detected
| 0:00 | Create | Villager (Male) |
| 0:00 | Create | Villager (Male) |
| 0:02 | Build | House |
| 0:03 | Build | House |
| 0:32 | Create | Villager (Male) |
| 0:32 | Create | Villager (Male) |
| 1:01 | Create | Villager (Male) |
| 1:01 | Create | Villager (Male) |
| 1:26 | Create | Villager (Male) |
| 1:27 | Create | Villager (Male) |
| 1:39 | Build | Lumber Camp |
| 2:34 | Create | Villager (Male) |
| 2:34 | Create | Villager (Male) |
| 2:34 | Create | Villager (Male) |
| 3:05 | Build | House |
| 3:42 | Create | Villager (Male) |
| 3:43 | Create | Villager (Male) |
| 3:43 | Create | Villager (Male) |
| 4:36 | Create | Villager (Male) |
| 4:36 | Create | Villager (Male) |
| 4:36 | Create | Villager (Male) |
| 6:01 | Build | Mill |
| 6:09 | Build | House |
| 6:12 | Create | Villager (Male) |
| 6:13 | Create | Villager (Male) |
| 6:13 | Create | Villager (Male) |
| 6:13 | Create | Villager (Male) |
| 6:13 | Create | Villager (Male) |
| 6:14 | Create | Villager (Male) |
| 6:43 | Build | Farm |
| 6:49 | Build | Farm |
| 7:33 | Build | Mining Camp |
| 7:48 | Create | Villager (Male) |
| 8:02 | Create | Villager (Male) |
| 8:30 | Create | Villager (Male) |
| 8:32 | Build | Farm |
| 8:36 | Research | Feudal Age |
| 8:36 | Research | Feudal Age |
| 8:42 | Research | Loom |
| 8:45 | Build | Farm |
| 9:08 | Build | Farm |
| 9:21 | Build | Farm |
| 9:40 | Build | House |
| 11:03 | Age | Feudal Age |
| 11:06 | Build | Market |
| 11:10 | Build | Blacksmith |
| 11:12 | Create | Villager (Male) |
| 11:13 | Create | Villager (Male) |
| 12:10 | Research | Castle Age |
| 12:31 | Research | Double-Bit Axe |
| 13:06 | Research | Horse Collar |
| 14:35 | Age | Castle Age |
| 14:40 | Create | Villager (Male) |
| 14:40 | Create | Villager (Male) |
| 14:46 | Build | Town Center |
| 15:11 | Build | Town Center |
| 15:21 | Create | Villager (Male) |
| 15:27 | Create | Villager (Male) |
| 15:49 | Create | Villager (Male) |
| 15:52 | Build | House |
| 15:54 | Build | Farm |
| 16:12 | Create | Villager (Male) |
| 16:23 | Build | Farm |
| 16:33 | Create | Villager (Male) |
| 16:54 | Create | Villager (Male) |
| 16:56 | Create | Villager (Male) |
| 16:57 | Create | Villager (Male) |
| 16:57 | Create | Villager (Male) |
| 17:01 | Build | Farm |
| 17:07 | Build | Farm |
| 17:11 | Build | Farm |
| 17:12 | Create | Villager (Male) |
| 17:31 | Create | Villager (Male) |
| 17:34 | Build | Farm |
| 17:37 | Build | Farm |
| 17:38 | Create | Villager (Male) |
| 17:45 | Create | Villager (Male) |
| 17:45 | Create | Villager (Male) |
| 17:50 | Research | Bow Saw |
| 17:51 | Research | Bow Saw |
| 18:03 | Create | Villager (Male) |
| 18:03 | Create | Villager (Male) |
| 18:15 | Build | Farm |
| 18:19 | Create | Villager (Male) |
| 18:19 | Create | Villager (Male) |
| 18:20 | Create | Villager (Male) |
| 18:30 | Build | House |
| 18:31 | Build | House |
| 18:39 | Build | Farm |
| 18:47 | Build | House |
| 18:48 | Build | House |
| 18:51 | Build | Farm |
| 18:53 | Build | Farm |
| 18:54 | Build | Farm |
| 18:54 | Build | Farm |
| 18:54 | Build | Farm |
| 18:54 | Build | Farm |
| 18:55 | Build | Farm |
| 19:00 | Build | Farm |
| 19:08 | Create | Villager (Male) |
| 19:09 | Create | Villager (Male) |
| 19:11 | Build | Farm |
| 19:12 | Build | Farm |
| 19:19 | Build | House |
| 19:24 | Build | Farm |
| 19:31 | Create | Villager (Male) |
| 19:31 | Create | Villager (Male) |
| 19:31 | Create | Villager (Male) |
| 19:32 | Create | Villager (Male) |
| 19:34 | Build | Farm |
| 19:37 | Build | Farm |
| 19:40 | Build | House |
| 19:51 | Create | Villager (Male) |
| 19:51 | Create | Villager (Male) |
| 19:57 | Build | Farm |
| 20:14 | Build | Town Center |
| 20:34 | Create | Villager (Male) |
| 20:34 | Create | Villager (Male) |
| 20:34 | Create | Villager (Male) |
| 20:34 | Create | Villager (Male) |
| 20:39 | Build | Farm |
| 20:40 | Build | Farm |
| 20:45 | Build | Farm |
| 20:50 | Build | House |
| 20:52 | Build | House |
| 20:56 | Build | Farm |
| 20:57 | Build | Farm |
| 21:06 | Build | Farm |
| 21:11 | Build | Farm |
| 21:26 | Build | Farm |
| 21:30 | Build | House |
| 21:30 | Build | House |
| 21:32 | Build | House |
| 21:34 | Build | House |
| 21:36 | Create | Villager (Male) |
| 21:42 | Create | Villager (Male) |
| 21:44 | Research | Wheelbarrow |
| 21:44 | Research | Wheelbarrow |
| 21:49 | Build | Farm |
| 22:02 | Research | Heavy Plow |
| 22:02 | Research | Heavy Plow |
| 22:17 | Create | Villager (Male) |
| 22:17 | Create | Villager (Male) |
| 22:20 | Create | Villager (Male) |
| 22:27 | Build | Farm |
| 22:27 | Create | Villager (Male) |
| 22:28 | Create | Villager (Male) |
| 22:28 | Create | Villager (Male) |
| 22:28 | Create | Villager (Male) |
| 22:33 | Build | Barracks |
Match timeline
| 9:02 | 蜜柑奇卡 · first_building Barracks |
| 10:01 | ya3 · age_up feudal |
| 11:03 | ThompsonAK · age_up feudal |
| 11:09 | 蜜柑奇卡 · age_up feudal |
| 11:10 | captainSLOW · age_up feudal |
| 11:18 | 蜜柑奇卡 · first_building Stable |
| 11:31 | yalaric · age_up feudal |
| 12:12 | JiKa · age_up feudal |
| 12:38 | captainSLOW · first_building Barracks |
| 12:50 | 蜜柑奇卡 · wall_segment Palisade Wall x1 |
| 13:30 | 蜜柑奇卡 · wall_segment Palisade Wall x1 |
| 14:27 | ya3 · first_market_buy 100 food |
| 14:35 | ThompsonAK · age_up castle |
| 14:50 | captainSLOW · age_up castle |
| 15:01 | yalaric · age_up castle |
| 15:05 | 蜜柑奇卡 · age_up castle |
| 15:07 | 蜜柑奇卡 · first_building Monastery |
| 15:10 | yalaric · first_building Castle |
| 15:23 | JiKa · first_market_buy 100 stone |
| 15:44 | JiKa · age_up castle |
| 17:12 | yalaric · first_market_buy 100 food |
| 17:26 | yalaric · first_market_sell 100 wood |
| 18:14 | ya3 · age_up castle |
| 18:45 | 蜜柑奇卡 · first_building Siege Workshop |
| 19:09 | yalaric · first_building Siege Workshop |
| 19:19 | captainSLOW · first_market_buy 100 food |
| 19:49 | ya3 · first_building Castle |
| 21:14 | captainSLOW · first_building Castle |
| 22:08 | captainSLOW · first_building Stable |
| 22:33 | ThompsonAK · first_building Barracks |
| 24:48 | captainSLOW · first_market_sell 100 wood |
| 24:56 | ya3 · age_up imperial |
| 25:10 | ya3 · first_market_sell 100 food |
| 25:20 | JiKa · first_building Castle |
| 25:21 | ThompsonAK · first_building Stable |
| 25:24 | ThompsonAK · first_building Archery Range |
| 25:52 | ThompsonAK · first_building Monastery |
| 25:54 | 蜜柑奇卡 · wall_segment Stone Wall x1 |
| 26:24 | JiKa · first_building Barracks |
| 26:38 | ThompsonAK · first_building Siege Workshop |
| 27:09 | ThompsonAK · first_building Castle |
| 28:23 | 蜜柑奇卡 · first_building Archery Range |
| 28:34 | captainSLOW · age_up imperial |
| 28:47 | captainSLOW · first_building Archery Range |
| 29:15 | ThompsonAK · age_up imperial |
| 29:34 | 蜜柑奇卡 · wall_segment Stone Wall x1 |
| 29:35 | 蜜柑奇卡 · wall_segment Stone Wall x1 |
| 30:04 | 蜜柑奇卡 · first_building Castle |
| 30:34 | JiKa · age_up imperial |
| 31:06 | 蜜柑奇卡 · age_up imperial |
| 31:12 | captainSLOW · first_building Siege Workshop |
| 31:30 | 蜜柑奇卡 · first_market_buy 100 wood |
| 32:32 | JiKa · first_market_sell 100 food |
| 35:33 | ThompsonAK · first_market_sell 100 wood |
| 37:16 | 蜜柑奇卡 · first_market_sell 100 food |
| 38:52 | ThompsonAK · first_market_buy 100 food |
| 39:19 | yalaric · first_building Monastery |
| 40:28 | ThompsonAK · resign |
[ AI ANALYSIS · 1 CREDIT ]
What really happened in this match?
Wolo.gg analyzes every decision: build order, eco, micro, common mistakes by bracket. Personalized analysis on WhatsApp or Discord in 30 seconds.
Civ guide
Goths
Perfil
Jugador #228156